 Dungeon Sprint DCSS version 0.31-a0-691-g409c26aa35 (webtiles) character file.

Game seed: 6310061798596024710

293 sircluck the Grappler (level 6, -9/68 HPs)
             Began as a Troll Berserker on Sept 6, 2023.
             Was a High Priest of Trog.
             Killed from afar by a lindwurm (31 damage)
             ... with a blast of flame
             ... in the Dungeon (Sprint VII: "The Pits").
             The game lasted 00:01:00 (220 turns).

sircluck the Grappler (Troll Berserker)              Turns: 220, Time: 00:01:01

Health: -9/68      AC:  4    Str: 28    XL:     6   Next: 11%
Magic:  5/5        EV: 11    Int:  3    God:    Trog [*****.]
Gold:   0          SH:  0    Dex:  9    Spells: 5/5 levels left

rFire   . .          .
                       - Unarmed
rCold   . . .        (no shield)
rNeg    . . .        a - +0 animal skin
rPois   .            (helmet restricted)
rElec   .            (no cloak)
rCorr   .            (gloves unavailable)
SInv    .            (boots unavailable)
Will    .....        (no amulet)
Stlth   +            (no ring)
HPRegen 1.11/turn    (no ring)
MPRegen 0.09/turn

%: no teleportation
@: no status effects
A: large, unfitting armour, claws 3, regeneration 1, shaggy fur 1, tough skin 1
a: Renounce Religion, Berserk, Trog's Hand, Brothers in Arms


You were in the Dungeon.
You worshipped Trog.
Trog was extremely pleased with you.
You visited 1 branch

Inventory:

Armour
 a - a +0 animal skin (worn)
Scrolls
 g - a scroll of blinking
 i - 2 scrolls of vulnerability
 j - a scroll of summoning
Potions
 b - 6 potions of curing
 c - 6 potions of heal wounds
 d - a potion of haste
 e - 4 potions of magic
 f - 3 potions of berserk rage
 h - 2 potions of invisibility


   Skills:
 + Level 6.7 Fighting
 + Level 6.6 Dodging
 + Level 8.0 Unarmed Combat


You had 5 spell levels left.
You didn't know any spells.
Your spell library was empty.

Dungeon Overview and Level Annotations

Branches:
Dungeon (1/1)

Altars:
Ashenzari
Cheibriados
Dithmenos
Elyvilon
Fedhas
Gozag
Hepliaklqana
Kikubaaqudgha
Makhleb
Nemelex Xobeh
Okawaru
Qazlal
Ru
Sif Muna
Trog
Uskayaw
Vehumet
Wu Jian
Xom
Yredelemnul
Zin
The Shining One
Jiyva
Lugonu


Innate Abilities, Weirdness & Mutations

You are too large for most types of armour.
You have claws for hands.
Your natural rate of healing is unusually fast.
You are covered in fur. (AC +1)
You have tough skin. (AC +1)


Message History

No target in view!
No target in view!
HP restored.
You open the door.
A necrophage comes into view.
You mangle the necrophage!! You claw the necrophage!
You destroy the necrophage!
Trog accepts your kill.
Your Unarmed Combat skill increases to level 8!
You have reached level 6!
You feel stronger.
There is an open door here.
You open the door.
A lindwurm comes into view.
The lindwurm roars!
The lindwurm breathes flames at you. The blast of flame hits you!!
The lindwurm barely misses you. The lindwurm claws you.
The lindwurm misses you.
There is an open door here.
You scratch the lindwurm but do no damage.
The lindwurm bites you. The lindwurm claws you. x2
You claw the lindwurm!
The lindwurm is moderately wounded.
The lindwurm bites you but does no damage.
The lindwurm barely misses you.
The lindwurm claws you but does no damage.
You barely miss the lindwurm. Your claw misses the lindwurm.
The lindwurm is moderately wounded.
The lindwurm bites you! The lindwurm barely misses you. The lindwurm claws you.
You are too injured to fight recklessly!
You are too injured to fight recklessly!
You are too injured to fight recklessly!
You are too injured to fight recklessly!
You are too injured to fight recklessly!
You scratch the lindwurm.
The lindwurm is moderately wounded.
The lindwurm breathes flames at you. The blast of flame hits you!!
You die...

#.#..†.....##.......#
#.#..†.....##.......#
#'###########.......#
#)......# #########
#.†.#...# #...#...#
#.##.##.#+#
#...#...#k+
#...#...#@#
#.......'.#
###########


You could see a lindwurm (catching breath).

Vanquished Creatures
  2 ogres (D)
  A necrophage (D)
  3 adders (D)
  2 river rats (D)
  An ufetubus (D)
  An endoplasm (D)
  A giant cockroach (D)
  A hobgoblin (D)
  2 jackals (D)
  A kobold (D)
  A quokka (D)
  2 ball pythons (D)
18 creatures vanquished.

Notes
Turn   | Place    | Note
-------+----------+-------------------------------------------
     0 | D        | sircluck the Troll Berserker began the quest for the Orb.
     0 | D        | Reached XP level 1. HP: 22/22 MP: 0/0
    27 | D        | Found a bloodstained altar of Trog.
    27 | D        | Found a shimmering blue altar of Sif Muna.
    27 | D        | Found a viscous altar of Jiyva.
    27 | D        | Found a hazy altar of Hepliaklqana.
    27 | D        | Found an opulent altar of Gozag.
    28 | D        | Found a glowing golden altar of the Shining One.
    28 | D        | Found a glowing silver altar of Zin.
    28 | D        | Found a basalt altar of Yredelemnul.
    28 | D        | Found a shimmering altar of Xom.
    28 | D        | Found an ornate altar of the Wu Jian Council.
    28 | D        | Found a sacrificial altar of Ru.
    28 | D        | Found a stormy altar of Qazlal.
    28 | D        | Found an iron altar of Okawaru.
    28 | D        | Found a sparkling altar of Nemelex Xobeh.
    28 | D        | Found a burning altar of Makhleb.
    28 | D        | Found a blossoming altar of Fedhas.
    28 | D        | Found a white marble altar of Elyvilon.
    28 | D        | Found a shadowy altar of Dithmenos.
    28 | D        | Found a snail-covered altar of Cheibriados.
    32 | D        | Found a corrupted altar of Lugonu.
    32 | D        | Found a radiant altar of Vehumet.
    33 | D        | Found a broken altar of Ashenzari.
    33 | D        | Found an ancient bone altar of Kikubaaqudgha.
    33 | D        | Found a hide-covered altar of Uskayaw.
    76 | D        | Reached ** piety under Trog
    81 | D        | Reached skill level 4 in Unarmed Combat
    81 | D        | Reached XP level 2. HP: 31/31 MP: 1/1
    89 | D        | Reached XP level 3. HP: 28/39 MP: 2/2
    97 | D        | Reached *** piety under Trog
   106 | D        | Reached skill level 5 in Unarmed Combat
   112 | D        | Reached **** piety under Trog
   159 | D        | Noticed an ogre
   176 | D        | Killed an ogre
   177 | D        | Reached skill level 5 in Fighting
   177 | D        | Reached skill level 5 in Dodging
   177 | D        | Reached skill level 6 in Unarmed Combat
   177 | D        | Reached XP level 4. HP: 26/50 MP: 3/3
   179 | D        | Noticed an ogre
   184 | D        | Killed an ogre
   185 | D        | Reached skill level 7 in Unarmed Combat
   185 | D        | Reached XP level 5. HP: 41/59 MP: 4/4
   191 | D        | Reached ***** piety under Trog
   213 | D        | Reached skill level 8 in Unarmed Combat
   213 | D        | Reached XP level 6. HP: 68/68 MP: 5/5
   215 | D        | Noticed a lindwurm
   220 | D        | Killed from afar by a lindwurm

Illustrated notes

Levels and vault maps discovered:
D:        pitsprint [storerooms_1, entrance_room_1, metal_vault_4, armoury_2,
          mini_pit_1, grid_room_1, main_hall_1, silver_pit, the_coven_2,
          the_vestibule_1, steel_vault_5, golden_pit, hallway_of_sentries,
          crystal_vault_2, iron_vault_1, final_vault]

Skill      XL: |  1  2  3  4  5 |
---------------+----------------+-----
Fighting       | 3 5 6 |  6.7
Dodging        | 3 5 6 |  6.6
Unarmed Combat | 4 6 7 8 |  8.0

Action                     |  1- 3 |  4- 6 || total
---------------------------+-------+-------++-------
  Melee: Unarmed           |    39 |    14 ||    53
         Punch             |       |     1 ||     1
 Armour: Animal skin       |    32 |    13 ||    45
  Dodge: Dodged            |    20 |     9 ||    29

Table legend: (Time is in decaauts)
 A = Elapsed time spent in this place.
 B = Non-inter-level travel time spent in this place.
 C = Inter-level travel time spent in this place.
 D = Time resting spent in this place.
 E = Time spent auto-exploring this place.
 F = Levels seen in this place.
 G = Mean time per level.
                   A        B        C        D        E       F      G
               +--------+--------+--------+--------+--------+-----+--------+
         Total |    215 |    215 |      0 |      0 |     80 |   1 |  215.0 |
       Dungeon |    215 |    215 |      0 |      0 |     80 |   1 |  215.0 |
               +--------+--------+--------+--------+--------+-----+--------+

Top non-repeatable levels by time:
       D: 215 daAuts
